 Dungeon Crawl Stone Soup version 0.31-a0-193-gdfe2569204 (webtiles) character file.

Game seed: 17616712256501933982

83 qw the Shooter (level 4, -2/25 HPs)
             Began as a Deep Elf Hunter on June 24, 2023.
             Slain by a gnoll
             ... wielding a +1 antimagic halberd
              (6 damage)
             ... on level 3 of the Dungeon.
             The game lasted 00:00:47 (1711 turns).

qw the Shooter (Deep Elf Hunter)                    Turns: 1711, Time: 00:00:47

Health: -2/25      AC:  5    Str: 10    XL:     4   Next: 22%
Magic:  0/6        EV: 11    Int: 14    God:
Gold:   104        SH:  0    Dex: 18    Spells: 3/3 levels left

rFire   . . .        Y - +0 shortbow
rCold   . . .        (shield currently unavailable)
rNeg    . . .        d - +0 ring mail
rPois   .            (no helmet)
rElec   .            (no cloak)
rCorr   .            (no gloves)
SInv    .            (no boots)
Will    .....        (no amulet)
Stlth   +            (no ring)
HPRegen 0.24/turn    (no ring)
MPRegen 0.10/turn

%: no passive effects
@: no status effects
A: no striking features
a: no special abilities


You were on level 3 of the Dungeon.
You visited 1 branch of the dungeon, and saw 3 of its levels.

You collected 104 gold pieces.


   Skills:
 - Level 1.5 Fighting
 + Level 7.6 Ranged Weapons
 - Level 2.4 Dodging
 - Level 1.2 Stealth


You had 3 spell levels left.
You didn't know any spells.
Your spell library was empty.

Inventory:

Hand Weapons
 Y - a +0 shortbow (weapon)
Armour
 d - a +0 ring mail (worn)
Scrolls
 b - a scroll of identify
Potions
 a - a potion of degeneration {unknown}
 c - a potion of curing {unknown}
 g - 3 potions of enlightenment
 k - a potion of might {unknown}

Dungeon Overview and Level Annotations

Branches:
Dungeon (3/15)

Altars:
Uskayaw

Annotations:
D:3 exclusion: 10 gnolls


Message History

Enter note:
Enter note:
Enter note:
Enter note:
Enter note:
Enter note:
Enter note:
Enter note:
Enter note:
Enter note:
Enter note:
Enter note:
Enter note:
Enter note:
Enter note:
Enter note:
Enter note: You start resting.
A gnoll is nearby!
1702 ||| FLEEEEING.
1703 ||| FLEEEEING.
1704 ||| FLEEEEING.
You shoot an arrow. The arrow hits the gnoll.
The gnoll is heavily wounded.
You shoot an arrow. The arrow closely misses the gnoll.
The gnoll closely misses you.
You shoot an arrow. The arrow closely misses the gnoll.
The gnoll hits you from afar with a +1 antimagic halberd.
You feel your power leaking away.
You shoot an arrow. The arrow hits the gnoll.
The gnoll is almost dead.
The gnoll hits you from afar with a +1 antimagic halberd.
You shoot an arrow. The arrow closely misses the gnoll.
The gnoll barely misses you. x2
You shoot an arrow. The arrow closely misses the gnoll.
The gnoll hits you from afar with a +1 antimagic halberd.
You feel your power leaking away.
You shoot an arrow. The arrow closely misses the gnoll.
The gnoll hits you from afar with a +1 antimagic halberd.
You die...

#.####.#.##.#
#....%.#
#.#.##.#
#...#####
#g#.##.# .#
#......#
###.#### #...#
#g### #.# #@#
##.## ####...##
+.......##
####.....######
##.##......#
####.####.#
#.......#.# #+#
#.......#.#


You could see a gnoll.

Vanquished Creatures
  An adder (D:3)
  A worm (D:2)
  2 dart slugs (D:1)
  2 orcs (D:3)
  5 bats
  7 endoplasms
  3 giant cockroaches
  3 goblins
  6 hobgoblins
  6 jackals
  A quokka (D:2)
  4 ball pythons
  3 frilled lizards
  8 kobolds
  6 rats
58 creatures vanquished.

Notes
Turn   | Place    | Note
-------+----------+-------------------------------------------
     0 | D:1      | qw the Deep Elf Hunter began the quest for the Orb.
     0 | D:1      | Reached XP level 1. HP: 12/12 MP: 3/3
     0 | D:1      | 0 ||| qw: Version: 0.3-a-9-g12657ce
     0 | D:1      | 0 ||| qw: Game counter: 4693
     0 | D:1      | 0 ||| qw: Always use a shield: true
     0 | D:1      | 0 ||| qw: God list: Okawaru
     0 | D:1      | 0 ||| qw: Allow faded altars: false
     0 | D:1      | 0 ||| qw: Do Orc after D:15 true
     0 | D:1      | 0 ||| qw: Do second Lair branch before Depths: true
     0 | D:1      | 0 ||| qw: Lair rune preference: random
     0 | D:1      | 0 ||| qw: Plans: Normal
     0 | D:1      | 0 ||| PLANNING D:1-11
    75 | D:1      | Reached skill level 6 in Ranged Weapons
    75 | D:1      | Reached XP level 2. HP: 16/16 MP: 4/4
   481 | D:1      | Reached XP level 3. HP: 20/20 MP: 5/5
   699 | D:1      | 699 ||| UPGRADING to +0 ring mail.
   709 | D:1      | 709 ||| DROPPING +0 leather armour.
   710 | D:1      | 710 ||| READING 2 scrolls labelled JONGIO APIL.
   711 | D:1      | 711 ||| READING scroll labelled JYOX WETEEK.
   712 | D:1      | 712 ||| READING scroll labelled AGIMMA RIDEOR.
   713 | D:1      | 713 ||| READING scroll labelled NYTARI LIADYMO.
   714 | D:1      | 714 ||| READING scroll labelled WUGONA ERGHEK.
   718 | D:1      | 718 ||| DRINKING 3 blue potions.
   719 | D:1      | 719 ||| DRINKING 2 fizzy sapphire potions.
   720 | D:1      | 720 ||| DROPPING scroll of fear.
   721 | D:1      | 721 ||| DROPPING scroll of butterflies.
   722 | D:1      | 722 ||| DROPPING 2 potions of brilliance.
   752 | D:2      | 752 ||| STAIRDANCE
   927 | D:2      | Reached skill level 7 in Ranged Weapons
  1494 | D:3      | Reached XP level 4. HP: 22/25 MP: 6/6
  1616 | D:3      | Found a hide-covered altar of Uskayaw.
  1702 | D:3      | 1702 ||| FLEEEEING.
  1703 | D:3      | 1703 ||| FLEEEEING.
  1704 | D:3      | 1704 ||| FLEEEEING.
  1708 | D:3      | HP: 5/25 [gnoll/+1 antimagic halberd (4)]
  1711 | D:3      | Slain by a gnoll

Levels and vault maps discovered:
D:1:      sevenhm_arrival_forest_fort_small_5, layout_basic,
          minmay_misc_feat_square
D:2:      minmay_chambers_of_ones, layout_rooms
D:3:      layout_loops_corners, nicolae_uskayaw_murder_on_the_dancefloor,
          pf_just_have_faith

Skill      XL: |  1  2  3 |
---------------+----------+-----
Ranged Weapons | 6 7 |  7.6
Fighting       | |  1.5
Dodging        | |  2.4
Stealth        | |  1.2

Action                     |  1- 3 |  4- 6 || total
---------------------------+-------+-------++-------
   Fire: Shortbow          |   144 |    25 ||   169
    Use: Scroll            |     5 |       ||     5
         Potion            |     2 |       ||     2
 Armour: Leather armour    |     4 |       ||     4
         Ring mail         |    11 |     2 ||    13
  Dodge: Dodged            |    32 |     5 ||    37

Table legend:
 A = Non-vault XP
 B = Vault XP
 C = Vault XP percentage of total XP
 D = Non-vault monster count
 E = Vault monster count
 F = Vault count percentage of total count
                 A         B        C        D         E       F
            +---------+---------+-------+---------+---------+-------
      Total |     113 |       6 |   5.0 |      53 |       5 |   8.6
            +---------+---------+-------+---------+---------+-------
        D:1 |      57 |       0 |   0.0 |      32 |       0 |   0.0
        D:2 |      27 |       6 |  18.2 |      13 |       5 |  27.8
        D:3 |      29 |       0 |   0.0 |       8 |       0 |   0.0
            +---------+---------+-------+---------+---------+-------
